 Dungeon Crawl Stone Soup version 0.30-a0-269-gf0224bf7b6 (webtiles) character file.

Game seed: 10625759902415657683

2019 Iusername the Protected (level 9, -26/81 HPs)
             Began as a Minotaur Fighter on Oct 14, 2022.
             Annihilated by a two-headed ogre
             ... wielding a +0 giant spiked club
              (27 damage)
             ... on level 5 of the Dungeon.
             The game lasted 00:06:52 (5190 turns).

Iusername the Protected (Minotaur Fighter)          Turns: 5190, Time: 00:06:52

Health: -26/81     AC: 14    Str: 25    XL:     9   Next: 3%
Magic:  8/8        EV: 10    Int:  5    God:
Gold:   375        SH:  5    Dex: 10    Spells: 8/8 levels left

rFire   . . .      SeeInvis .    a - +0 war axe
rCold   . . .      Faith    .    c - +0 buckler
rNeg    . . .      Spirit   .    A - +0 swamp dragon scales
rPois   +          Reflect  .    (helmet restricted)
rElec   .          Harm     .    (no cloak)
rCorr   .          Rampage  .    h - +0 pair of gloves
Will    .....                    (no boots)
Stlth   ..........               (no amulet)
HPRegen 0.33/turn                s - +4 ring of protection
MPRegen 0.11/turn                (no ring)

@: hasted, very quick
A: horns 2, retaliatory headbutt, poison resistance, wild magic 1, evolution 1
a: no special abilities


You were on level 5 of the Dungeon.
You visited 1 branch of the dungeon, and saw 7 of its levels.
You also visited: Sewer.

You collected 375 gold pieces.

Inventory:

Hand Weapons
 a - a +0 war axe (weapon)
Missiles
 t - 5 boomerangs of dispersal (quivered)
 y - 5 boomerangs
Armour
 c - a +0 buckler (worn)
 h - a +0 pair of gloves (worn)
 A - +0 swamp dragon scales (worn)
Jewellery
 i - a ring of see invisible
 s - a +4 ring of protection (left hand)
 E - a +4 ring of slaying
Wands
 o - a wand of flame (16)
 w - a wand of paralysis (19)
Scrolls
 e - a scroll of vulnerability {unknown}
 f - a scroll of poison {unknown}
 j - 2 scrolls of silence {unknown}
 k - 3 scrolls of fog {unknown}
 n - 2 scrolls of enchant armour {unknown}
 p - a scroll of enchant weapon {unknown}
 q - a scroll of amnesia {unknown}
 r - 6 scrolls of identify {unknown}
 u - a scroll of magic mapping {unknown}
 v - a scroll of fear {unknown}
 z - a scroll of brand weapon {unknown}
 C - a scroll of teleportation {unknown}
 D - a scroll of immolation {unknown}
Potions
 b - a potion of magic
 d - a potion of ambrosia {unknown}
 g - a potion of berserk rage {unknown}
 l - a potion of haste
 m - a potion of mutation
 x - a potion of lignification {unknown}
 B - a potion of resistance {unknown}
 F - a potion of might


   Skills:
 + Level 7.9 Fighting
 + Level 7.4 Axes
 + Level 8.0 Armour
 + Level 8.0 Shields


You had 8 spell levels left.
You didn't know any spells.
Your spell library contained the following spells:

 Spells                   Type           Power      Damage    Failure   Level
 Cigotuvi's Dreadful Rot  Necr/Pois/Air  0%         N/A       87%         2
 Dispel Undead            Necr           0%         3d6       100%        4
 Death Channel            Necr           0%         N/A       100%        6


Dungeon Overview and Level Annotations

Branches:
Dungeon (7/15)              Sewer (visited)
 Temple: D:4-7

Altars:
Qazlal
Ru

Shops:
D:1 :


Innate Abilities, Weirdness & Mutations

You have a pair of horns on your head.
You reflexively headbutt those who attack you in melee.
Your system is resistant to poisons. (rPois)
Your spells are a little harder to cast, but a little more powerful.
You have hidden genetic potential.


Message History

You closely miss the iguana. You headbutt the iguana.
The iguana is severely wounded.
The iguana bites you.
There are monsters nearby!
You hit the iguana but do no damage. You headbutt the iguana.
You kill the iguana!
Your Shields skill increases to level 8!
There are monsters nearby!
You barely miss the two-headed ogre.
The two-headed ogre hits you with a +0 giant spiked club.
The two-headed ogre closely misses you.
You slash the two-headed ogre!
The two-headed ogre is moderately wounded.
The two-headed ogre hits you with a +0 giant spiked club!
The two-headed ogre hits you with a +0 giant club!
You barely miss the two-headed ogre.
Your headbutt misses the two-headed ogre.
The two-headed ogre is moderately wounded.
The two-headed ogre hits you with a +0 giant spiked club!
The two-headed ogre hits you with a +0 giant club.
You slash the two-headed ogre!
You headbutt the two-headed ogre, but do no damage.
The two-headed ogre is heavily wounded.
The two-headed ogre hits you with a +0 giant spiked club!!
* * * LOW HITPOINT WARNING * * *
The two-headed ogre closely misses you.
It was a potion of haste.
You feel yourself speed up.
You hit the two-headed ogre.
The two-headed ogre is heavily wounded.
The two-headed ogre barely misses you.
The two-headed ogre hits you with a +0 giant club!
* * * LOW HITPOINT WARNING * * *
It was a potion of mutation.
You feel extremely strange.
You feel less in control of your magic.
You feel resistant to poisons.
You feel a hidden potential growing inside you.
Okay, then.
You slash the two-headed ogre!
The two-headed ogre is severely wounded.
The two-headed ogre hits you with a +0 giant spiked club!!
You die...

.................)[.........####
...........####.....####.......#
........#..#..##...##..#.......#
......###..#...##.##...#.......#
......###..##.†.#.#...##..######
........#...##.'#.#).##..##
.............###...###...#####
....(............8......††...#
....#......###@..###.....<.#
....#.#...##5O#.#'.##......#
.........##..l#.#...##.....#
.......<.#...##.##...#.....#
.###.....#=.##...##.(#.#####
#.....####.....####.#
#...#...............#
###..........########
############


You could see a two-headed ogre, an iguana and a white imp.

Vanquished Creatures
  Maggie (D:6)
  Grinder (D:6)
  A water moccasin (D:7)
  2 ice beasts
  2 black bears
  2 phantoms
  A kobold brigand (Sewer)
  5 orc priests
  A jelly (D:4)
  Ijyb (D:3)
  Terence (D:2)
  7 iguanas
  3 orc wizards
  15 adders
  5 river rats (Sewer)
  A shadow imp (D:6)
  2 white imps (D:5)
  2 worms
  24 orcs
  11 endoplasms
  9 giant cockroaches
  16 hobgoblins
  9 jackals
  5 quokkas
  11 ball pythons
  10 bats
  12 frilled lizards
  6 goblins
  11 kobolds
  14 rats
191 creatures vanquished.

Vanquished Creatures (others)
  13 plants
13 creatures vanquished.

Grand Total: 204 creatures vanquished

Notes
Turn   | Place    | Note
-------+----------+-------------------------------------------
     0 | D:1      | Iusername the Minotaur Fighter began the quest for the Orb.
     0 | D:1      | Reached XP level 1. HP: 19/19 MP: 0/0
    85 | D:1      | Found Anazeut's Book Emporium.
   122 | D:1      | Reached XP level 2. HP: 27/27 MP: 1/1
   614 | D:1      | Reached XP level 3. HP: 33/33 MP: 2/2
   906 | D:2      | Reached XP level 4. HP: 21/40 MP: 3/3
  1072 | D:2      | Noticed Terence
  1081 | D:2      | Killed Terence
  1534 | D:3      | Reached XP level 5. HP: 47/47 MP: 4/4
  1794 | D:3      | Noticed Ijyb
  1800 | D:3      | Killed Ijyb
  1801 | D:3      | Reached skill level 5 in Armour
  1801 | D:3      | Reached skill level 5 in Shields
  1982 | D:3      | Reached skill level 5 in Fighting
  2114 | D:3      | Reached XP level 6. HP: 56/56 MP: 5/5
  2609 | D:4      | Found a sacrificial altar of Ru.
  2797 | D:4      | You fall into a shaft and drop 3 floors!
  2807 | D:7      | Noticed an ice beast
  2817 | D:7      | Killed an ice beast
  2818 | D:7      | Reached skill level 5 in Axes
  2958 | D:6      | Noticed Maggie
  2963 | D:6      | Noticed Grinder
  2967 | D:6      | Killed Maggie
  2968 | D:6      | Reached XP level 7. HP: 15/63 MP: 6/6
  3643 | D:7      | Reached XP level 8. HP: 48/71 MP: 7/7
  3950 | D:6      | Paralysed by Grinder for 5 turns
  3967 | D:6      | Paralysed by Grinder for 3 turns
  3970 | D:6      | Killed Grinder
  4036 | D:5      | Entered Level 5 of the Dungeon
  4036 | D:5      | Found a stormy altar of Qazlal.
  4216 | D:5      | Found a glowing drain.
  4240 | Sewer    | Entered a sewer
  5121 | D:5      | Reached XP level 9. HP: 65/81 MP: 8/8
  5179 | D:5      | Noticed a two-headed ogre
  5188 | D:5      | HP: 1/81 [two-headed ogre/+0 giant spiked club (14)]
  5189 | D:5      | Gained mutation: Your spells are a little harder to cast,
                  | but a little more powerful. [potion of mutation]
  5189 | D:5      | Gained mutation: Your system is resistant to poisons.
                  | (rPois) [potion of mutation]
  5189 | D:5      | Gained mutation: You have hidden genetic potential. [potion
                  | of mutation]
  5190 | D:5      | Annihilated by a two-headed ogre

Illustrated notes

Levels and vault maps discovered:
D:1:      dpeg_arrival_connections, layout_loops_ring, serial_shops, shop,
          nicolae_figureground_pulse
D:2:      layout_rooms, minmay_lizard_king, uniq_terence
D:3:      minmay_thinvault, layout_basic, supply_closet_lemuel, uniq_ijyb
D:4:      layout_cave_pools, nicolae_ru_the_path_less_chosen
D:5:      cheibrodos_barr_body, layout_rooms, amcnicky_altar_gilded,
          portal_sewer_entry_b
D:6:      layout_cave_pools, minmay_temple_entry_waves, serial_glass,
          glass_columns_c, glass_columns_b, glass_columns_b, glass_columns_b,
          glass_columns_a, glass_columns_c, uniq_maggie, uniq_grinder
D:7:      layout_layer_cave, serial_shops, nicolae_shop_trees,
          ebering_ghost_gozag

Skill      XL: |  1  2  3  4  5  6  7  8  9 |
---------------+----------------------------+-----
Armour         | 4 5 6 8 |  8.0
Fighting       | 4 5 6 7 |  7.9
Shields        | 4 5 6 7 8 |  8.0
Axes           | 3 4 5 6 7 |  7.4

Action                   |  1- 3 |  4- 6 |  7- 9 || total
-------------------------+-------+-------+-------++-------
Melee: War axe           |    92 |   176 |   182 ||   450
       Headbutt          |     9 |    34 |    30 ||    73
  Use: Potion            |       |     1 |     3 ||     4
Armor: Scale mail        |    53 |    85 |    54 ||   192
       Swamp dragon scal |       |       |    77 ||    77
Dodge: Dodged            |    51 |    81 |    92 ||   224
Block: Buckler           |    20 |    33 |    53 ||   106

Table legend: (Time is in decaauts)
 A = Elapsed time spent in this place.
 B = Non-inter-level travel time spent in this place.
 C = Inter-level travel time spent in this place.
 D = Time resting spent in this place.
 E = Time spent auto-exploring this place.
 F = Levels seen in this place.
 G = Mean time per level.
                   A        B        C        D        E       F      G
               +--------+--------+--------+--------+--------+-----+--------+
         Total |   5460 |   5328 |    132 |   1155 |   2977 |   8 |  682.5 |
       Dungeon |   4762 |   4630 |    132 |   1155 |   2425 |   7 |  680.3 |
         Sewer |    697 |    697 |      0 |      0 |    552 |   1 |  697.0 |
               +--------+--------+--------+--------+--------+-----+--------+

Top non-repeatable levels by time:
     D:7: 1140 daAuts
     D:3: 1056 daAuts
     D:1: 756 daAuts
   Sewer: 697 daAuts
     D:5: 580 daAuts
     D:2: 579 daAuts
     D:4: 532 daAuts
     D:6: 117 daAuts
